cohdb
Replays
Latest Replays
All Replays
Popular Replays
Top Player Replays
Match Explorer
How It Works
Community
CoH3 Stats
Reddit
Sign in to upload your games and track your stats! →
Sign in with Steam
Match 45305695
Unlisted
Match 45305695
Overview
Messages
Build Orders
End
Selects Armored Battlegroup
Selects Veteran Crews
Construct Weapon Support Center
Scout Squad
Scout Squad
Bazooka Squad
Construct Barracks
Bazooka Squad
Scout Squad
Selects Fast Deploy
Scout Squad
Scout Squad
Infantry Support Center
Scout Squad
Scout Squad
Selects M31 Recovery Vehicle
M31 Recovery Vehicle
Construct Motor Pool
M31 Recovery Vehicle
M24 Chaffee Light Tank
Scout Squad
Scout Squad
Scout Squad
M31 Recovery Vehicle
Improved M9 Bazooka Rockets
Selects Seek and Destroy
Selects UNKNOWN (2160077)
Seek and Destroy
Engineer Squad
Scout Squad
pleomax
magnetix222
Serial Chiller
gjb-sosem
bfda
Rich Pussy
Hold My Beer
Atom
0
0
Comments
sign in to comment!
No comments posted yet!